Map: [ESL] Oceanborn

Players

Kelazhur

  • Race: Terran Terran
  • Spawn Location: 5:00

Astrea - Winner!

  • Race: Protoss Protoss
  • Spawn Location: 11:00

Event: ESL SC2 Masters 2023 Winter (Finals)

VOD

Have the link to the VOD?

Description

Time

  • Played on: Dec. 15, 2023, 12:36 p.m.
  • Length: 31:19

All games in this series

Show
View Real Time Build Order
Export as new Build Order

Kelazhur Terran 

Build Orders: Cyclone Opening 

Get SALT Encoding   

  12  0:00  SCV  
  13  0:12  SCV  
  14  0:16  Supply Depot  
  14  0:24  SCV  
  14  0:27  Refinery  
  15  0:38  SCV  
  16  0:45  Barracks  
  16  0:50  SCV  
  17  1:02  SCV  
  18  1:08  Engineering Bay  
  18  1:14  SCV  
  19  1:32  Orbital Command  
  19  1:36  Factory  
  19  1:38  Marine  
  20  1:44  Supply Depot  
  20  1:56  Barracks Reactor  
  20  1:58  SCV  
  21  2:10  SCV  
  22  2:15  Command Center  
  22  2:21  Cyclone  
  24  2:24  SCV  
  25  2:33  Supply Depot  
  25  2:34  Marine x2  
  27  2:37  SCV  
  28  2:48  Refinery  
  28  2:52  Marine x2  
  28  2:54  Cyclone  
  28  2:57  SCV  
  33  3:09  SCV  
  33  3:11  Marine x2  
  36  3:16  Starport  
  36  3:21  SCV  
  37  3:29  Marine  
  37  3:31  Orbital Command  
  38  3:34  SCV  
  38  3:41  Marine  
  37  3:46  SCV  
  36  3:49  Marine  
  36  3:50  Orbital Command  
  36  3:52  Starport Tech Lab  
  37  3:59  SCV, Marine  
  37  4:00  Bunker  
  39  4:06  Marine  
  40  4:10  Cloaking Field  
  40  4:11  Banshee, SCV  
  44  4:17  Marine  
  44  4:18  SCV  
  44  4:23  SCV, Supply Depot  
  47  4:25  Marine  
  47  4:30  SCV  
  49  4:35  SCV, Supply Depot  
  50  4:41  Marine  
  50  4:42  SCV  
  50  4:43  Marine  
  53  4:46  Factory Tech Lab  
  53  4:47  SCV  
  54  4:54  SCV  
  54  4:55  Banshee  
  54  4:59  SCV  
  59  5:02  Command Center  
  59  5:04  Siege Tank  
  59  5:06  SCV  
  63  5:12  SCV  
  64  5:15  Marine x2  
  64  5:16  Supply Depot  
  66  5:21  SCV, Engineering Bay  
  66  5:24  Barracks  
  66  5:26  SCV  
  67  5:29  Barracks  
  67  5:35  Marine x2  
  69  5:37  Siege Tank  
  69  5:38  SCV x2  
  69  5:42  Supply Depot  
  74  5:45  Banshee  
  77  5:50  SCV  
  78  5:59  Refinery  
  78  6:03  Supply Depot, Refinery, Marine x2  
  78  6:04  SCV x2  
  82  6:11  Siege Tank  
  85  6:16  SCV x2, Orbital Command, Barracks Tech Lab x2  
  87  6:20  Terran Infantry Weapons Level 1  
  87  6:21  Missile Turret  
  87  6:28  SCV x2, Missile Turret  
  87  6:29  Marine x2  
  91  6:37  Starport Reactor  
  91  6:39  Stimpack  
  91  6:40  SCV x2, Marauder  
  91  6:41  Marauder  
  91  6:44  SCV  
  98  6:48  Marine  
  98  6:49  Supply Depot  
  98  6:52  SCV, Orbital Command  
  103  6:54  Siege Tank  
  103  6:57  SCV  
  105  7:02  Marine  
  105  7:03  Marauder  
  105  7:07  Barracks  
  107  7:09  Barracks  
  107  7:11  SCV  
  107  7:13  Marauder  
  107  7:15  Medivac  
  112  7:21  Medivac  
  114  7:23  Supply Depot x2, SCV  
  114  7:26  Marauder  
  117  7:42  Marine x2  
  117  7:43  SCV x3, Armory, Marauder  
  121  7:53  Medivac  
  121  7:56  Marauder x2  
  121  7:58  Barracks Reactor, SCV x3  
  127  8:00  Ghost Academy  
  127  8:08  Marauder  
  127  8:10  SCV  
  130  8:14  Factory Reactor  
  130  8:18  SCV, Marauder x2  
  135  8:21  SCV  
  135  8:22  Marine x2  
  135  8:24  SCV  
  137  8:27  Refinery x2  
  137  8:28  Command Center  
  137  8:30  SCV  
  137  8:31  Supply Depot, Terran Infantry Weapons Level 2  
  137  8:32  Supply Depot  
  138  8:34  Engineering Bay  
  132  8:48  Marine x3  
  132  8:49  Ghost  
  132  8:55  SCV x2, Barracks, Ghost  
  137  8:56  Supply Depot, Barracks  
  137  8:58  Barracks  
  135  9:07  Ghost  
  135  9:08  Marine x4  
  141  9:11  Combat Shield  
  141  9:12  Concussive Shells  
  141  9:17  Supply Depot  
  141  9:22  Viking x2  
  145  9:27  Marine x3  
  145  9:28  Marine  
  149  9:34  Missile Turret  
  149  9:38  Marauder  
  147  9:39  Widow Mine  
  147  9:40  Widow Mine  
  147  9:42  Ghost x2  
  147  9:45  SCV x2  
  157  9:51  Marine x3  
  157  9:52  Marine  
  161  9:58  Barracks Tech Lab  
  161  9:59  Barracks Tech Lab x2, Marine  
  162  10:02  Widow Mine x2  
  166  10:12  Marauder  
  165  10:16  Planetary Fortress  
  165  10:18  Missile Turret  
  165  10:23  Medivac, Widow Mine x2  
  165  10:24  Sensor Tower  
  165  10:25  Medivac  
  177  10:28  Marauder x2  
  177  10:30  Marauder  
  177  10:32  SCV  
  180  10:36  Supply Depot x2  
  180  10:37  Terran Ship Weapons Level 1  
  180  10:47  Marauder  
  180  10:49  Marauder  
  184  10:51  Widow Mine x2  
  184  10:55  Marauder  
  184  10:56  Marauder  
  176  11:05  Marauder  
  178  11:13  Medivac x2, Widow Mine x2  
  178  11:17  Supply Depot  
  186  11:21  Terran Infantry Weapons Level 3  
  186  11:28  SCV x2  
  186  11:30  SCV  
  193  11:33  Marauder x3  
  193  11:34  SCV  
  193  11:36  Refinery  
  193  11:37  Missile Turret x2  
  193  11:38  Missile Turret x2, Refinery  
  184  11:50  Widow Mine x2  
  184  11:52  Viking x2  
  184  11:53  Marine  
  184  11:54  Marauder x3, Marine  
  200  11:56  Terran Infantry Armor Level 1  
  200  11:59  Command Center  
  200  12:02  Command Center  
  188  12:17  Starport, Marauder x4, Marine x3  
  188  12:21  Factory Reactor  
  199  12:24  Fusion Core  
  197  12:46  Marauder  
  197  12:47  Marauder  
  191  12:54  Medivac x2, Marauder  
  194  12:59  Marauder, Marine  
  194  13:00  Marauder  
  194  13:04  SCV x2  
  191  13:06  SCV x2  
  191  13:09  Marauder  
  191  13:10  Caduceus Reactor, Widow Mine  
  194  13:16  Medivac, SCV x2  
  194  13:18  SCV x2  
  197  13:20  Viking  
  197  13:23  Marine  
  200  13:36  Command Center  
  200  13:40  Command Center  
  200  13:42  Command Center  
  200  13:49  Terran Infantry Armor Level 2  
  200  13:50  Starport, Terran Ship Weapons Level 2  
  200  13:51  Starport  
  200  13:56  Viking  
  191  14:05  Marine  
  191  14:06  Marauder x3, Marine x2  
  191  14:07  Ghost x3  
  198  14:11  Viking  
  190  14:31  Viking x3  
  196  14:46  Viking  
  196  14:47  Ghost  
  200  15:00  Planetary Fortress  
  200  15:05  Neosteel Armor  
  200  15:06  Missile Turret  
  189  15:16  Marine  
  189  15:17  Marauder x3, Marine  
  189  15:18  Widow Mine x2  
  171  15:24  Marauder x2, Marine  
  171  15:26  Marauder, Marine  
  169  15:30  Liberator x2  
  169  15:31  Liberator x2  
  169  15:32  Advanced Ballistics  
  169  15:34  Marine  
  182  15:36  Liberator x2  
  182  15:38  Marauder, Marine  
  182  15:39  SCV x3, Widow Mine  
  182  15:40  SCV  
  197  15:48  Orbital Command x2  
  197  15:53  Orbital Command  
  197  15:56  Marauder  
  199  16:02  Marauder  
  199  16:08  Missile Turret  
  199  16:09  Marine  
  189  16:27  Marauder x2  
  189  16:29  Liberator x2  
  197  16:39  Marauder  
  181  16:40  Marauder x2  
  181  16:43  Liberator x2  
  181  16:46  Marine  
  166  16:48  Ghost, Marine, Marauder  
  166  16:50  Widow Mine x2, Liberator x2  
  179  16:56  Planetary Fortress  
  179  16:57  Ghost  
  181  17:08  Sensor Tower  
  181  17:11  Widow Mine x2  
  181  17:12  Liberator  
  188  17:18  Terran Infantry Armor Level 3  
  188  17:25  Marauder  
  188  17:26  Marine  
  188  17:27  Refinery  
  188  17:28  Marauder x2, Refinery  
  193  17:43  Liberator x2  
  171  17:45  Marauder x2  
  171  17:47  Marine  
  171  17:48  Widow Mine, Marine x2  
  166  17:59  Ghost  
  166  18:04  Marauder, Marine  
  171  18:07  Marauder  
  171  18:09  Widow Mine x2  
  174  18:14  Marauder  
  174  18:15  Liberator  
  175  18:20  Marauder  
  175  18:26  Liberator  
  178  18:27  Marine  
  178  18:30  Widow Mine  
  178  18:31  Widow Mine  
  178  18:32  Missile Turret  
  183  18:34  Missile Turret x2  
  183  18:37  Sensor Tower  
  183  18:39  Viking  
  183  18:40  Viking  
  185  18:41  Viking  
  185  18:46  Viking  
  189  18:51  Widow Mine  
  189  18:52  Widow Mine  
  193  18:58  Viking  
  190  19:08  Marauder x2  
  190  19:09  Viking x2, Orbital Command  
  188  19:16  Viking x3  
  186  19:19  Marauder x2  
  186  19:23  Widow Mine x2  
  186  19:26  Marauder, Marine  
  186  19:30  Viking  
  188  19:42  Hi-Sec Auto Tracking  
  188  19:45  Widow Mine  
  191  19:57  Marauder  
  191  19:59  Widow Mine  
  193  20:03  Ghost  
  193  20:06  Widow Mine  
  198  20:16  Marauder  
  198  20:19  Liberator  
  198  20:20  Liberator x2  
  195  20:33  Ghost x4  
  196  20:37  Ghost  
  196  20:39  Ghost  
  198  20:47  Marine  
  198  20:48  Marine  
  183  21:01  Ghost x2  
  183  21:02  Widow Mine x2, Liberator x3  
  157  21:19  Marauder x2, Marine  
  157  21:20  Marauder, Marine x4, Liberator  
  157  21:21  Liberator  
  157  21:24  Widow Mine x2  
  160  21:29  Orbital Command  
  160  21:30  Marine x2  
  150  21:38  Marauder  
  146  21:41  Marauder x2  
  146  21:42  Marauder, Marine  
  148  21:48  Marauder  
  145  21:56  Marauder  
  145  22:00  Marauder  
  149  22:10  Marauder x2, Marine x2  
  149  22:12  Marauder, Marine  
  149  22:13  Marauder, Marine  
  161  22:20  Command Center  
  158  22:23  Missile Turret  
  158  22:25  Missile Turret  
  151  22:34  Marauder, Liberator x4  
  159  22:39  Marauder  
  159  22:41  Marauder, Marine, Liberator  
  159  22:42  Liberator, Marine  
  159  22:43  Widow Mine x2, Marine x2  
  165  22:45  SCV x2, Refinery x2, Marine  
  167  22:51  Marauder  
  162  22:59  Marine, Ghost  
  165  23:07  Marine  
  165  23:08  Marauder  
  165  23:09  Marauder  
  162  23:23  Marauder  
  158  23:27  Widow Mine  
  158  23:28  Widow Mine, Marine  
  158  23:29  Marauder x2  
  158  23:32  Marine x2  
  158  23:33  SCV  
  158  23:34  SCV x5  
  175  23:38  Marauder  
  177  23:42  Marine x2  
  177  23:43  Marauder  
  177  23:45  SCV, Marauder  
  177  23:47  Marine  
  185  23:49  Widow Mine x2  
  185  23:51  Sensor Tower  
  189  24:12  Marauder  
  189  24:16  Marine  
  194  24:17  Marauder  
  188  24:25  Marauder  
  188  24:26  Marauder  
  192  24:39  Marauder, Marine  
  192  24:43  Viking x4  
  192  24:44  Planetary Fortress  
  194  24:45  Marauder  
  179  24:55  Marine x3  
  179  24:56  Marauder x2, Marine  
  178  25:02  Widow Mine x2, Marine  
  178  25:03  Marauder, Marine  
  178  25:06  Marine  
  182  25:13  Marine x4  
  186  25:16  Marine x2  
  186  25:20  Marine  
  185  25:21  Marauder  
  185  25:22  Orbital Command  
  185  25:24  Widow Mine x2, Marine x2  
  185  25:31  Marine  
  185  25:32  Missile Turret, Marauder  
  185  25:34  Ghost x2  
  188  25:42  Missile Turret  
  188  25:45  Widow Mine, Viking x2  
  188  25:46  Viking  
  188  25:49  Widow Mine  
  193  25:53  Marauder  
  181  26:03  Marine  
  181  26:04  Viking x3, Marauder  
  181  26:05  Marine  
  181  26:06  Marine x6  
  183  26:14  Marine  
  183  26:17  Viking x2  
  185  26:21  Widow Mine, Marine  
  185  26:22  Widow Mine  
  185  26:23  Marine x2  
  186  26:30  Marine  
  186  26:31  Viking  
  180  26:35  Refinery x2  
  172  26:41  Medivac  
  172  26:42  Marine  
  172  26:44  Marine x8  
  179  26:48  Supply Depot, Marine  
  179  26:52  Terran Vehicle And Ship Armor Level 1  
  180  26:57  Widow Mine  
  180  26:58  Widow Mine  
  180  27:00  Marine  
  184  27:02  Marauder  
  184  27:03  Marine  
  184  27:07  Viking x2  
  183  27:10  Viking  
  145  27:27  Widow Mine x2  
  137  27:33  Viking x2, Marine  
  137  27:34  Marine  
  84  27:44  Marine  
  84  27:46  Marine  
  84  27:48  Widow Mine  
  84  27:49  Widow Mine  
  90  27:57  Viking  
  92  27:59  Marine  
  92  28:01  Marine  
  94  28:06  Marine  
  94  28:08  Marine  
  96  28:20  Ghost  
  98  28:27  Ghost  
  96  28:38  Ghost  
  98  28:51  Ghost  
  99  28:59  Ghost  
  99  29:10  Ghost  
  97  29:37  Orbital Command  
  97  29:38  Ghost  
  99  30:01  Marauder x3  
  99  30:02  Marauder x2, Marine x2  
  111  30:09  Marauder  
  113  30:20  Marine  
  114  30:23  Marauder  
  112  30:31  Marauder  
  114  30:42  Marauder  
Show
View Real Time Build Order
Export as new Build Order

Astrea Protoss - Winner!

Build Orders: 1 Gate Expand, Colossus Rush 

Get SALT Encoding   

  12  0:00  Probe  
  13  0:12  Probe  
  14  0:17  Pylon  
  14  0:24  Probe (Chrono Boost)  
  16  0:36  Gateway, Probe (Chrono Boost)  
  16  0:42  Probe (Chrono Boost)  
  16  0:45  Assimilator  
  17  0:51  Probe  
  18  1:03  Probe  
  19  1:15  Probe  
  20  1:25  Nexus  
  20  1:30  Cybernetics Core  
  20  1:33  Probe  
  20  1:39  Pylon  
  21  1:45  Probe  
  22  1:47  Assimilator  
  22  1:57  Probe  
  22  2:01  Colossus  
  23  2:06  Sentry (Chrono Boost)  
  25  2:09  Probe  
  25  2:11  Gateway  
  25  2:12  Warp Gate  
  26  2:20  Stalker (Chrono Boost)  
  26  2:22  Probe  
  29  2:33  Shield Battery  
  29  2:34  Probe  
  30  2:37  Probe  
  31  2:46  Stalker (Chrono Boost), Probe  
  31  2:49  Probe  
  35  2:54  Pylon  
  35  2:58  Probe  
  36  3:02  Probe  
  37  3:06  Stalker  
  37  3:10  Probe  
  37  3:12  Stalker  
  42  3:15  Probe  
  43  3:25  Robotics Facility  
  43  3:26  Probe  
  44  3:29  Pylon  
  44  3:32  Probe  
  43  3:38  Probe (Chrono Boost)  
  44  3:44  Probe (Chrono Boost)  
  45  3:50  Probe (Chrono Boost)  
  45  3:51  Twilight Council  
  47  3:55  Probe (Chrono Boost)  
  47  3:56  Assimilator  
  47  3:58  Probe (Chrono Boost), Pylon  
  47  3:59  Assimilator  
  47  4:00  Probe (Chrono Boost)  
  49  4:04  Probe  
  50  4:10  Probe  
  50  4:13  Shield Battery  
  50  4:15  Observer (Chrono Boost)  
  50  4:16  Probe  
  53  4:22  Probe  
  53  4:23  Gateway  
  53  4:24  Gateway  
  54  4:27  Charge (Chrono Boost)  
  54  4:30  Gateway, Observer  
  54  4:34  Probe  
  56  4:39  Gateway  
  56  4:40  Probe  
  57  4:45  Templar Archives  
  57  4:50  Observer  
  57  4:55  Observer  
  57  4:56  Pylon  
  57  4:57  Pylon  
  57  4:59  Zealot x2  
  61  5:12  Psionic Storm  
  61  5:13  Nexus  
  61  5:23  Probe x2  
  61  5:24  Observer  
  63  5:28  High Templar  
  63  5:30  Observer  
  63  5:31  High Templar  
  63  5:33  Zealot x3  
  73  5:37  Zealot  
  73  5:41  Warp Prism (Chrono Boost)  
  73  5:42  Observer  
  76  5:52  Probe x2  
  76  6:02  Blink (Chrono Boost)  
  76  6:04  Probe x2  
  76  6:08  High Templar  
  78  6:14  Pylon  
  78  6:16  Probe  
  78  6:17  Probe  
  80  6:18  Observer  
  80  6:21  Forge  
  80  6:25  Observer (Chrono Boost)  
  81  6:26  Probe  
  81  6:28  Probe  
  81  6:29  Probe  
  84  6:37  High Templar x2, Zealot x3  
  84  6:38  Probe  
  95  6:41  Probe x2  
  95  6:45  Protoss Ground Armor Level 1 (Chrono Boost)  
  96  6:50  Probe  
  96  6:53  Probe  
  98  6:56  Probe  
  98  6:59  Pylon  
  98  7:00  Adept  
  101  7:02  Probe  
  101  7:05  Photon Cannon, Probe  
  101  7:08  Photon Cannon, Probe  
  103  7:10  Photon Cannon  
  103  7:12  Pylon  
  103  7:14  Probe  
  105  7:16  High Templar, Zealot  
  105  7:20  Pylon  
  109  7:26  Pylon  
  109  7:31  Probe x2  
  109  7:34  Stalker x3  
  117  7:37  Nexus  
  113  7:52  Probe  
  113  7:53  Probe  
  113  7:56  High Templar x2, Zealot  
  113  7:57  Zealot x3  
  125  8:02  Probe  
  125  8:04  Probe  
  125  8:06  Pylon  
  125  8:07  Assimilator x2, Robotics Bay, Pylon  
  125  8:13  Robotics Facility  
  125  8:24  Probe x3  
  126  8:36  Probe x3  
  126  8:37  Protoss Ground Weapons Level 1 (Chrono Boost)  
  126  8:39  Forge  
  129  8:46  Stalker x6  
  139  8:49  Shield Battery  
  139  8:52  Colossus (Chrono Boost)  
  139  8:58  Gateway  
  139  9:01  Gateway  
  145  9:05  Extended Thermal Lance  
  144  9:14  Zealot x6  
  156  9:22  Pylon  
  154  9:37  Protoss Ground Armor Level 2 (Chrono Boost)  
  152  9:39  Colossus  
  152  9:40  Zealot x3  
  152  9:42  Photon Cannon  
  152  9:43  Pylon  
  152  9:44  Pylon x2  
  164  9:55  Pylon  
  164  10:00  Colossus  
  164  10:01  Stalker  
  164  10:03  Stalker x2  
  175  10:11  Observer  
  173  10:24  Stalker x2  
  173  10:25  Stalker x4, Zealot  
  187  10:32  Nexus  
  187  10:33  Colossus (Chrono Boost)  
  193  10:42  Gateway  
  193  10:43  Gateway  
  175  10:59  Protoss Ground Weapons Level 2 (Chrono Boost)  
  175  11:02  Immortal (Chrono Boost)  
  155  11:07  High Templar  
  155  11:10  Probe x2  
  155  11:11  Probe x2  
  157  11:12  Pylon  
  157  11:13  Shield Battery  
  157  11:15  High Templar x2, Zealot x3  
  157  11:16  Zealot x2  
  171  11:19  Gateway  
  171  11:21  Gateway  
  171  11:22  Probe  
  171  11:23  Probe x3  
  175  11:28  Pylon  
  175  11:32  Immortal (Chrono Boost)  
  175  11:36  Robotics Facility  
  183  11:42  Immortal (Chrono Boost)  
  181  11:48  Protoss Shields Level 1 (Chrono Boost)  
  178  11:57  Zealot x10  
  198  12:07  Observer  
  162  12:11  Immortal (Chrono Boost)  
  170  12:18  Immortal (Chrono Boost)  
  170  12:19  High Templar x2, Zealot x8  
  194  12:32  Immortal (Chrono Boost)  
  192  12:47  Zealot x4  
  198  13:02  Immortal (Chrono Boost)  
  198  13:03  Immortal (Chrono Boost)  
  198  13:04  Probe  
  197  13:07  Probe x3  
  197  13:08  Assimilator  
  197  13:11  Observer (Chrono Boost)  
  181  13:19  Nexus  
  179  13:24  High Templar, Zealot x9  
  199  13:27  Photon Cannon  
  199  13:28  Photon Cannon, Protoss Ground Armor Level 3 (Chrono Boost)  
  199  13:29  Photon Cannon  
  199  13:35  Gravitic Drive  
  199  13:43  Protoss Ground Weapons Level 3 (Chrono Boost)  
  199  13:44  Pylon  
  199  13:50  Observer  
  195  14:06  Warp Prism  
  193  14:18  High Templar  
  193  14:19  High Templar x2  
  193  14:24  Observer  
  199  14:29  Observer  
  195  14:33  Gravitic Boosters  
  195  14:42  High Templar x2  
  195  14:45  Photon Cannon x2  
  195  14:49  Pylon  
  192  14:57  Nexus, Observer (Chrono Boost)  
  194  15:03  Observer (Chrono Boost)  
  194  15:06  Stalker x4  
  192  15:16  Archon  
  192  15:19  Stalker x8  
  172  15:22  Colossus x2 (Chrono Boost)  
  176  15:32  Colossus (Chrono Boost)  
  176  15:34  Photon Cannon  
  174  15:38  Assimilator, High Templar  
  174  15:39  High Templar, Zealot x2  
  174  15:40  Shield Battery  
  174  15:42  Observer  
  180  15:43  Gateway, Zealot x3  
  180  15:44  Zealot x5  
  180  15:45  Gateway  
  196  15:51  Gateway  
  196  15:55  Gateway  
  196  15:57  Pylon  
  196  15:58  Nexus  
  196  16:01  Pylon  
  196  16:07  Observer  
  196  16:11  Observer, Zealot x2  
  198  16:19  Zealot  
  198  16:24  Zealot  
  193  16:38  Zealot x11  
  193  16:40  Colossus x2  
  193  16:44  Colossus  
  181  16:54  High Templar x2, Photon Cannon  
  181  16:55  Shield Battery x2  
  181  16:56  High Templar, Shield Battery, Zealot x2  
  181  16:58  Zealot x2  
  181  16:59  Zealot x2  
  181  17:00  Pylon  
  199  17:05  Pylon  
  199  17:07  Assimilator  
  199  17:10  Observer, Pylon  
  199  17:13  Protoss Shields Level 2  
  199  17:19  Stalker  
  199  17:23  Assimilator, Shield Battery  
  199  17:25  Assimilator, Shield Battery  
  199  17:28  Shield Battery  
  199  17:34  Pylon  
  197  17:43  Stalker x5  
  197  17:44  Stalker  
  199  17:48  Zealot x9  
  199  17:49  Zealot  
  189  18:04  Observer  
  181  18:15  Zealot x11  
  181  18:18  Colossus  
  199  18:45  Pylon  
  197  18:49  Pylon  
  197  18:50  Assimilator  
  197  18:53  Assimilator  
  197  18:54  Stargate  
  197  19:02  Protoss Air Weapons Level 1 (Chrono Boost)  
  183  19:03  Stalker x5  
  183  19:04  Stalker x5  
  183  19:11  Stalker x6  
  177  19:28  High Templar x2, Zealot x8  
  177  19:29  Photon Cannon  
  197  19:32  Shield Battery  
  195  19:44  Shield Battery  
  195  19:45  Zealot x2  
  199  19:47  Shield Battery  
  199  19:50  Shield Battery  
  193  19:53  Pylon  
  193  19:58  High Templar  
  193  19:59  High Templar  
  183  20:02  Fleet Beacon  
  183  20:04  Stargate  
  183  20:06  Stargate  
  183  20:07  Zealot x3  
  183  20:08  Zealot x5  
  183  20:12  Photon Cannon  
  183  20:13  Photon Cannon  
  179  20:15  Photon Cannon x2  
  179  20:17  Photon Cannon  
  179  20:23  Zealot x6  
  175  20:37  Stalker x8  
  175  20:38  Stalker x2  
  187  20:45  Immortal  
  187  20:46  Immortal x2  
  193  20:55  Zealot  
  193  20:56  Zealot x5  
  183  21:09  Stalker x5  
  183  21:10  Stalker x3  
  169  21:20  Stalker x5  
  169  21:21  Stalker x3  
  169  21:22  Probe x3  
  156  21:35  Stalker x3  
  156  21:36  Stalker x4, Probe x2  
  142  21:55  Observer  
  142  21:56  High Templar x4, Observer  
  142  21:57  High Templar  
  142  21:58  High Templar, Zealot x3  
  160  22:07  Observer  
  160  22:12  Assimilator  
  160  22:14  Zealot x7  
  173  22:23  Archon  
  173  22:37  Colossus x3  
  167  22:41  High Templar x2  
  184  23:01  Protoss Air Weapons Level 2 (Chrono Boost)  
  184  23:04  Zealot x13  
  200  23:13  Nexus  
  200  23:18  Archon  
  170  23:30  Assimilator  
  168  23:35  Tempest (Chrono Boost)  
  183  23:45  High Templar, Tempest x2 (Chrono Boost)  
  185  23:48  Zealot  
  185  23:49  Observer  
  185  23:54  Zealot x6  
  193  24:14  Tempest (Chrono Boost)  
  196  24:24  Observer  
  197  24:40  Tempest (Chrono Boost)  
  197  24:42  Tempest (Chrono Boost)  
  192  24:48  Tempest  
  187  24:58  Zealot x6  
  187  24:59  Zealot x10  
  166  25:10  Immortal x3  
  172  25:15  Observer  
  172  25:16  Tempest  
  169  25:31  High Templar x2, Zealot x8  
  169  25:32  Zealot x4  
  191  25:43  Assimilator  
  191  26:02  Archon  
  185  26:11  Observer  
  178  26:13  Zealot x12  
  174  26:33  Immortal x3  
  186  26:45  High Templar x2  
  186  26:46  Stalker x5  
  198  27:21  Stalker x9  
  169  27:30  Archon  
  169  27:33  Zealot x3  
  141  27:42  Observer  
  132  27:47  High Templar x2  
  136  28:01  Warp Prism  
  138  28:10  Colossus  
  138  28:34  High Templar x2  
  138  28:35  Zealot x4  
  138  28:37  Pylon  
  138  28:39  Nexus  
  146  29:04  Forge  
  146  29:05  Shield Battery, Oracle (Chrono Boost)  
  146  29:06  Shield Battery  
  146  29:08  Shield Battery  
  146  29:09  Tempest (Chrono Boost)  
  146  29:10  Photon Cannon  
  146  29:11  Photon Cannon  
  144  29:32  Observer  
  145  29:45  Tempest x2, Pylon  
  155  29:55  Observer  
  155  30:08  Assimilator  
  155  30:10  Assimilator  
  155  30:14  Tempest  
  164  30:51  Zealot  
  164  30:52  Zealot x4  
  172  31:07  Zealot  
  172  31:08  Zealot x4  
Tags
 
Add a new tag
Caveats
  • Supply blocks, unpowered buildings, or Contaminate may cause inaccurate times.
  • Supply counts are checked every 10 seconds.